 Dungeon Crawl Stone Soup version 0.23-a0-619-g281719c6f9 (webtiles) character file.

7994 MirrMurr the Commander (level 11, -13/52 HPs)
             Began as a Spriggan Enchanter on Dec 22, 2018.
             Was a High Priest of Okawaru.
             Killed from afar by an orc sorcerer (40 damage)
             ... with a bolt of negative energy
             ... led by an orc knight
             ... on level 11 of the Dungeon.
             The game lasted 00:31:12 (14276 turns).

MirrMurr the Commander (Spriggan Enchanter)        Turns: 14276, Time: 00:31:14

Health: -13/52     AC:  5    Str:  7    XL:     11   Next: 4%
Magic:  14/18      EV: 23    Int: 21    God:    Okawaru [*****.]
Gold:   799        SH:  8    Dex: 17    Spells: 7/18 levels left

rFire    . . .     SeeInvis +   a - +2 dagger
rCold    + . .     Gourm    .   s - +0 buckler
rNeg     . . .     Faith    +   h - +0 robe
rPois    +         Spirit   .   (helmet restricted)
rElec    .         Reflect  .   v - +2 cloak {rPois}
rCorr    .         Harm     .   (gloves unavailable)
MR       +....                  (boots unavailable)
Stlth    ++++......             m - amulet of faith
HPRegen  0.17/turn              D - ring of protection from cold
MPRegen  0.16/turn              y - +4 ring of intelligence

@: about to teleport, drained, very quick
A: very small, unfitting armour, see invisible, herbivore, speed 3, slow
metabolism 2
a: Heroism, Finesse, Renounce Religion


You were on level 11 of the Dungeon.
You worshipped Okawaru.
Okawaru was extremely pleased with you.
You were not hungry.

You visited 2 branches of the dungeon, and saw 12 of its levels.
You also visited: Ossuary.

You collected 799 gold pieces.

Inventory:

Hand Weapons
 a - a +2 dagger (weapon)
 b - a +3 hunting sling
 z - a +4 long sword of freezing
Missiles
 f - 54 poisoned needles
 n - 45 sling bullets
 p - 219 stones (quivered)
 u - 9 needles of sleeping
Armour
 h - a +0 robe (worn)
 s - a +0 buckler (worn)
 v - a +2 cloak of poison resistance (worn)
Jewellery
 l - an uncursed ring of stealth
 m - an amulet of faith (around neck)
 y - a +4 ring of intelligence (right hand)
 D - a ring of protection from cold (left hand)
 I - an uncursed amulet of the gourmand {unknown}
Wands
 d - a wand of flame (30)
 q - a wand of iceblast (7)
 B - a wand of polymorph (13)
 F - a wand of paralysis (11)
 J - a wand of digging (3)
 K - a wand of acid (2)
Scrolls
 o - a scroll of amnesia
 r - 6 scrolls of remove curse
 w - 2 scrolls of immolation
 x - 2 scrolls of magic mapping
 E - 2 scrolls of teleportation
 L - a scroll of identify
Potions
 e - 10 potions of curing
 g - 5 potions of heal wounds
 i - 5 potions of agility
 j - 6 potions of flight
 k - 4 potions of brilliance
 t - a potion of cancellation
 A - a potion of magic
 C - a potion of lignification
 G - a potion of might {unknown}
 H - a potion of mutation {unknown}
Comestibles
 c - 10 rations


   Skills:
 - Level 3.0(2.3) Fighting
 - Level 5.0(4.3) Short Blades
 - Level 8.1(7.3) Dodging
 - Level 8.4(7.6) Stealth
 - Level 7.2(6.4) Shields
 - Level 4.1(3.4) Spellcasting
 - Level 8.1(7.3) Hexes
 + Level 8.6(7.8) Invocations


You had 7 spell levels left.
You knew the following spells:

 Your Spells              Type           Power        Failure   Level  Hunger
a - Ensorcelled Hibernat  Hex/Ice        ###...       4%          2    ##.....
b - Confuse               Hex            ####....     1%          3    ###....
c - Tukima's Dance        Hex            ####....     1%          3    ###....
d - Dazzling Spray        Conj/Hex       ###...       9%          3    ###....

Your spell library contained the following spells:

 Spells                   Type           Power        Failure   Level  Hunger
 Corona                   Hex            ####...      1%          1    None
 Summon Guardian Golem    Hex/Summ       ###.....     9%          3    ###....
 Summon Small Mammal      Summ           #...         13%         1    None
 Call Imp                 Summ           #.......     21%         2    ##.....
 Call Canine Familiar     Summ           #.......     36%         3    ###....
 Summon Ice Beast         Ice/Summ       #.......     78%         4    ####...
 Summon Lightning Spire   Summ/Air       #.......     78%         4    ####...


Dungeon Overview and Level Annotations

Branches:
Dungeon (11/15)            Temple (1/1) D:6            Lair (0/6) D:10
    Orc: D:9-12

Altars:
Cheibriados
Dithmenos
Fedhas
Gozag
Hepliaklqana
Makhleb
Okawaru
Qazlal
Ru
Trog
Uskayaw
Zin

Annotations:
D:10 Nergalle


Innate Abilities, Weirdness & Mutations

You are very small and have problems with some larger weapons.
You are too small for most types of armour.
You have supernaturally acute eyesight. (SInv)
You are a herbivore.
You cover ground extremely quickly.
You need to consume almost no food.


Message History

Things that are here:
a +0 long sword; a +0 chain mail The helpless orc knight fails to defend itself.
You skewer the orc knight like a kebab!!!
The orc knight is severely wounded.
The cyclops shouts!
The orc priest mumbles some strange prayers to Beogh against you.
Beogh smites you!
A black bear comes into view.
The orc knight completely misses you.
The orc priest calls down the wrath of Beogh upon you.
Beogh smites you!
As you read the scroll of teleportation, it crumbles to dust.
You feel strangely unstable.
A black bear comes into view.
You block the vampire mosquito's attack.
The orc sorcerer gestures at you while chanting.
The bolt of negative energy hits you!
You feel drained.
Ouch! That really hurt!
You die...

..# #.# ###z### #.### #.#
.o#.h...#.....####n.##.#
..#.#...#.###.##n.#.#.#
o.... #}%.......###...#
>†#.#...#.##..#####.#.#
(.#... #..#..# ##..##..
#.###.#####.#####.#####.#
#..o.........o..s)..!.....
...............y@.oo.......
#######.#########o.########
........# ..o# #########
#.... #..C.. .......#
........ .hh....


You could see an orc knight, a cyclops, an orc sorcerer, an orc warrior, 2 black
bears, a vampire mosquito, a scorpion, an orc priest and an orc (wandering).

Vanquished Creatures
  A two-headed ogre (D:9)
  Maurice (D:10)
  2 trolls
  A spriggan (D:8)
  10 yaks
  A hungry ghost (D:8)
  Duvessa (D:6)
  2 sky beasts
  2 orc warriors
  Purgy (D:3)
  4 ice beasts
  A black bear (D:11)
  2 phantoms
  A necrophage (D:11)
  3 ogres
  2 eyes of draining (D:9)
  4 centaurs
  An elf zombie (Ossuary)
  11 bullfrogs
  2 wyvern zombies
  A wyvern skeleton (D:7)
  Dowan (D:6)
  A scorpion (D:10)
  3 killer bees (D:8)
  3 wights (D:6)
  3 howler monkeys
  5 crimson imps
  3 bullfrog zombies
  A centaur zombie (Ossuary)
  4 bullfrog skeletons
  3 hounds
  A centaur skeleton (D:7)
  An orc priest (D:3)
  3 iguanas
  Crazy Yiuf (D:4)
  Jessica (D:2)
  Ijyb (D:3)
  Terence (D:3)
  2 orc wizards
  A hell rat (D:10)
  12 worker ants
  A big kobold zombie (Ossuary)
  3 hound zombies
  3 mummies (Ossuary)
  Robin (D:2)
  7 adders
  6 gnolls
  4 shadow imps
  An ooze (D:5)
  4 adder zombies
  A worm (D:2)
  2 dart slugs (D:1)
  3 leopard geckos
  12 orcs
  A ball python (D:2)
  6 giant cockroaches
  2 gnoll zombies (Ossuary)
  14 goblins
  7 hobgoblins
  7 jackals
  4 quokkas
  8 bats
  3 frilled lizards
  3 goblin zombies
  3 hobgoblin zombies (Ossuary)
  7 jackal zombies
  3 kobolds
  8 kobold zombies (Ossuary)
  A quokka skeleton (D:6)
  9 quokka zombies
  3 rats
  4 rat zombies (Ossuary)
246 creatures vanquished.

Vanquished Creatures (collateral kills)
  2 wights (D:6)
  A gnoll (D:3)
3 creatures vanquished.

Vanquished Creatures (others)
  A dancing weapon (D:3)
1 creature vanquished.

Grand Total: 250 creatures vanquished

Notes
Turn   | Place    | Note
-------+----------+-------------------------------------------
     0 | D:1      | MirrMurr the Spriggan Enchanter began the quest for the
                  | Orb.
     0 | D:1      | Reached XP level 1. HP: 9/9 MP: 5/5
   197 | D:1      | Reached skill level 5 in Stealth
   197 | D:1      | Reached XP level 2. HP: 13/13 MP: 6/6
   827 | D:1      | Learned a level 2 spell: Ensorcelled Hibernation
  1256 | D:2      | Noticed Jessica
  1263 | D:2      | Killed Jessica
  1263 | D:2      | Reached XP level 3. HP: 16/16 MP: 8/8
  1313 | D:2      | Noticed Robin
  1474 | D:2      | Killed Robin
  1486 | D:2      | Reached XP level 4. HP: 15/21 MP: 3/9
  1510 | D:2      | Learned a level 3 spell: Confuse
  2049 | D:2      | Found a burning altar of Makhleb.
  2238 | D:3      | Noticed Ijyb
  2245 | D:3      | Killed Ijyb
  2245 | D:3      | Reached XP level 5. HP: 24/24 MP: 10/10
  2281 | D:3      | Learned a level 3 spell: Tukima's Dance
  2375 | D:3      | Noticed Purgy
  2402 | D:3      | Killed Purgy
  2402 | D:3      | Reached skill level 5 in Short Blades
  2402 | D:3      | Reached XP level 6. HP: 27/28 MP: 8/11
  2702 | D:3      | Noticed Terence
  3030 | D:3      | Found a glowing silver altar of Zin.
  3452 | D:3      | Killed Terence
  4192 | D:4      | Reached XP level 7. HP: 32/32 MP: 6/13
  4217 | D:4      | Reached skill level 1 in Shields
  4916 | D:4      | Found a runed door.
  4920 | D:4      | Noticed Crazy Yiuf
  4924 | D:4      | Killed Crazy Yiuf
  4924 | D:4      | Reached skill level 5 in Hexes
  4967 | D:5      | Entered Level 5 of the Dungeon
  5591 | D:5      | Found a sacrificial altar of Ru.
  6524 | D:6      | Reached XP level 8. HP: 36/36 MP: 15/15
  6591 | D:6      | Found a blossoming altar of Fedhas.
  6651 | D:6      | Noticed Duvessa
  6651 | D:6      | Noticed Dowan
  6655 | D:6      | Killed Dowan
  6855 | D:6      | Killed Duvessa
  7146 | D:6      | Found a staircase to the Ecumenical Temple.
  7156 | Temple   | Entered the Ecumenical Temple
  7164 | Temple   | Became a worshipper of Warmaster Okawaru
  7641 | D:6      | Reached skill level 1 in Fighting
  7641 | D:6      | Reached skill level 1 in Invocations
  7965 | D:7      | Reached XP level 9. HP: 36/42 MP: 13/16
  7969 | D:7      | Reached * piety under Okawaru
  7974 | D:7      | Learned a level 3 spell: Dazzling Spray
  8071 | D:7      | Reached skill level 5 in Dodging
  8255 | D:7      | Found a sand-covered staircase.
  8262 | Ossuary  | Entered an ossuary
  9022 | D:7      | Found a stormy altar of Qazlal.
  9041 | D:7      | Found an opulent altar of Gozag.
  9399 | D:7      | Found a bloodstained altar of Trog.
  9598 | D:7      | Reached ** piety under Okawaru
  9808 | D:8      | Found an iron altar of Okawaru.
  9979 | D:8      | Reached skill level 5 in Shields
 10774 | D:8      | Reached *** piety under Okawaru
 11105 | D:8      | Found a hazy altar of Hepliaklqana.
 11150 | D:8      | Reached XP level 10. HP: 49/49 MP: 2/17
 11341 | D:8      | Found an iron altar of Okawaru.
 11881 | D:9      | Reached skill level 5 in Invocations
 12231 | D:9      | Reached **** piety under Okawaru
 12491 | D:9      | Found a hide-covered altar of Uskayaw.
 12492 | D:9      | Noticed a two-headed ogre
 13198 | D:9      | Found a hide-covered altar of Uskayaw.
 13226 | D:9      | Killed a two-headed ogre
 13290 | D:10     | Entered Level 10 of the Dungeon
 13385 | D:10     | Noticed Maurice
 13398 | D:10     | Killed Maurice
 13563 | D:10     | Reached ***** piety under Okawaru
 13969 | D:10     | Found a staircase to the Lair.
 13974 | D:10     | Noticed a death yak
 13975 | D:10     | Noticed a death yak
 13975 | D:10     | Noticed a death yak
 13978 | D:10     | Noticed Nergalle
 14004 | D:10     | Noticed a spectral orc warlord
 14066 | D:11     | Reached XP level 11. HP: 44/52 MP: 10/18
 14256 | D:11     | Noticed an orc knight
 14261 | D:11     | Noticed a skeletal warrior
 14266 | D:11     | Noticed a deep elf mage
 14271 | D:11     | Noticed an orc sorcerer
 14276 | D:11     | Killed from afar by an orc sorcerer

Vault maps used:
D:1:      dpeg_arrival_chase
D:2:      makhleb_heckhound_becter, first_ration, uniq_robin, uniq_jessica
D:3:      old_standard_altar, uniq_ijyb, uniq_purgy, uniq_terence
D:4:      uniq_crazy_yiuf_cottage
D:5:      minmay_misc_feat_tower, nrook_mini_vaults,
          nicolae_ru_the_path_less_chosen
D:6:      kennysheep_mini_moat, minmay_temple_entry_mini_moons,
          minmay_misc_feat_alley, corexii_shack, mrwooster_statue_mirror,
          corner_web_ring, eino_curves_01, dk_rats_in_the_wall, uniq_duvessa
D:7:      bloody_trog, nicolae_gozag_seed_capital, basic_altar, enter_ossuary_4
D:8:      lemuel_coloured_pillars_altar, the_bakery, okawaru_ov_weapons_minmay
D:9:      lemuel_doored_altar
D:10:     dpeg_lair_monsters, uniq_grum, uniq_maurice, uniq_nergalle
D:11:     minmay_the_grid_square_5x5_4x4, enter_trove_5, enter_bailey_2
Temple:   dpeg_chambers_temple
Ossuary:  minmay_ossuary_two_tombs

Skill      XL: |  1  2  3  4  5  6  7  8  9 10 |
---------------+-------------------------------+-----
Stealth        | 5 6 7 8 |  8.4
Short Blades   | 2 3 5 |  5.0
Hexes          | 4 7 8 |  8.1
Spellcasting   | 3 4 |  4.1
Shields        | 2 4 5 7 |  7.2
Fighting       | 1 3 |  3.0
Invocations    | 1 4 8 |  8.6
Dodging        | 4 8 |  8.1

Action                   |  1- 3 |  4- 6 |  7- 9 | 10-12 || total
-------------------------+-------+-------+-------+-------++-------
Melee: Dagger            |    75 |   121 |   479 |   139 ||   814
 Fire: Hunting sling     |       |     2 |     9 |    46 ||    57
 Cast: Ensorcelled Hiber |     8 |    30 |    79 |    63 ||   180
       Corona            |     2 |       |       |       ||     2
       Confuse           |       |     4 |    36 |    11 ||    51
       Tukima's Dance    |       |     1 |     3 |     2 ||     6
  Use: Scroll            |     2 |     6 |    11 |     5 ||    24
       Potion            |       |     1 |       |       ||     1
 Stab: Sleeping          |    17 |    34 |    70 |    35 ||   156
       Confused          |       |     2 |    22 |     7 ||    31
       Distracted        |       |       |     2 |     2 ||     4
  Eat: Ration            |       |     2 |     6 |     3 ||    11
Armor: Robe              |     9 |     6 |    23 |     4 ||    42
Dodge: Dodged            |    48 |    90 |   270 |   109 ||   517
Block: Buckler           |       |    11 |   128 |    66 ||   205

Table legend:
 A = Non-vault XP
 B = Vault XP
 C = Vault XP percentage of total XP
 D = Non-vault monster count
 E = Vault monster count
 F = Vault count percentage of total count
                 A         B        C        D         E       F
            +---------+---------+-------+---------+---------+-------
      Total |    9827 |    1593 |  13.9 |     181 |      68 |  27.3
            +---------+---------+-------+---------+---------+-------
        D:1 |      28 |       0 |   0.0 |      14 |       0 |   0.0
        D:2 |      27 |     117 |  81.2 |      13 |      14 |  51.9
        D:3 |     313 |     206 |  39.7 |      27 |       3 |  10.0
        D:4 |     146 |      37 |  20.2 |       9 |       1 |  10.0
        D:5 |     470 |       0 |   0.0 |      18 |       0 |   0.0
        D:6 |     944 |     216 |  18.6 |      17 |       3 |  15.0
        D:7 |    1123 |       2 |   0.2 |      20 |       2 |   9.1
        D:8 |    1431 |     211 |  12.9 |      21 |       1 |   4.5
        D:9 |    3350 |       0 |   0.0 |      25 |       0 |   0.0
       D:10 |    1481 |     509 |  25.6 |      12 |       4 |  25.0
       D:11 |     514 |       0 |   0.0 |       5 |       0 |   0.0
    Ossuary |       0 |     295 | 100.0 |       0 |      40 | 100.0
            +---------+---------+-------+---------+---------+-------
